Map: Scythe of Amon

Players

NamroodTuo

  • Race: Zerg Zerg

tom

  • Race: Terran Terran

VOD

Have the link to the VOD?

Description

Time

  • Played on: May 30, 2023, 8:44 a.m.
  • Length: 21:50
Show
View Real Time Build Order
Export as new Build Order

NamroodTuo Zerg 

Build Orders:  

Get SALT Encoding   

  12  0:23  Infested Barracks  
  12  0:26  Infested SCV  
  13  0:34  Infested SCV  
  14  0:41  Infested SCV  
  15  0:54  Overlord  
  15  1:23  Infested SCV  
  15  1:27  Infestation Level 1  
  16  1:31  Infested SCV, Infested Refinery  
  17  1:40  Infested SCV  
  17  1:44  Infested SCV  
  19  1:52  Infested SCV  
  19  1:54  Infested SCV  
  21  2:09  Overlord  
  21  2:27  Overlord, Infested Refinery  
  21  2:41  Infested SCV  
  21  2:48  Infested Barracks Tech Lab  
  22  2:57  Infested SCV  
  23  3:18  Infested SCV  
  24  3:29  Infested Bunker  
  28  3:39  Infested Engineering Bay, Infested SCV  
  29  4:05  Infested Marine  
  29  4:06  Infested Marine x7  
  37  4:19  Infestation Level 2  
  37  4:27  Infested SCV  
  37  4:28  Infested SCV  
  39  4:53  Retinal Augmentation  
  39  4:57  Overlord  
  39  5:20  Infested Factory  
  38  5:34  Infested Marine  
  38  5:35  Infested Marine x8  
  40  6:19  Anaerobic Enhancement  
  40  6:26  Plagued Munitions  
  40  6:28  Stukov Infantry Armor Level 1  
  40  6:29  Infested Bunker  
  44  6:35  Infested SCV x2  
  46  6:50  Infested Armory  
  37  7:47  Infested Marine  
  37  7:48  Infested Marine x9  
  47  7:55  Overlord x5  
  47  7:57  Aggressive Incubation  
  46  8:48  Infestation Level 3  
  46  9:08  Stukov Infantry Weapons Level 1  
  46  9:29  Infested Marine  
  47  9:30  Infested Marine  
  47  9:39  Infested SCV  
  53  9:42  Infested Bunker  
  44  10:34  Infested Bunker  
  48  10:41  Unknown  
  48  10:45  Infested Factory Tech Lab  
  48  10:50  Infested SCV  
  47  11:06  Infested Starport  
  47  11:44  Broodling Gestation  
  47  11:48  Calcified Armor  
  51  12:25  Infested Bunker  
  51  12:26  Infested Bunker  
  55  12:44  Infested Colonist Compound  
  55  12:48  Regenerative Plating  
  55  12:59  Infested Missile Turret  
  55  13:01  Infested Marine x2  
  55  13:02  Infested Marine x13  
  55  13:03  Infested Marine  
  71  13:11  Infested Command Center  
  71  13:48  Stukov Infantry Armor Level 2  
  71  13:53  Infested Starport Tech Lab  
  71  13:54  Stukov Vehicle and Ship Armor Level 1  
  75  14:31  Infested Bunker  
  75  14:45  Overseer x3  
  75  14:46  Overseer x3  
  75  14:51  Overlord  
  75  14:58  Infested SCV  
  60  15:01  Infested SCV  
  60  15:05  Infested SCV  
  62  15:18  Infested Missile Turret  
  62  15:38  Infested Bunker  
  66  15:40  Infested SCV  
  66  15:41  Infested SCV  
  66  15:46  Infested SCV  
  69  16:34  Stukov Vehicle and Ship Weapons Level 1  
  69  16:35  Infested Marine  
  69  16:36  Infested Marine x19  
  89  16:58  Stukov Infantry Weapons Level 2  
  89  17:06  Infested Bunker  
  89  17:08  Infested Bunker  
  97  17:10  Infested SCV x4  
  97  17:11  Infested SCV  
  97  17:18  Overlord  
  102  17:26  Fungal Growth  
  84  18:24  Brood Queen  
  84  18:25  Brood Queen x3  
  84  18:26  Enhanced Mitochondria  
  84  18:27  Brood Queen  
  92  18:44  Infested SCV  
  92  18:45  Infested SCV x3  
  92  18:46  Overlord  
  96  20:25  Infested Marine  
  96  20:26  Infested Marine x8  
  96  20:27  Infested Marine x11  
Show
View Real Time Build Order
Export as new Build Order

tom Terran 

Build Orders:  

Get SALT Encoding   

  12  0:03  SCV  
  13  0:12  SCV  
  13  0:19  SCV  
  14  0:29  Supply Bunker  
  15  0:41  SCV  
  15  0:49  SCV  
  17  0:57  Barracks, SCV  
  18  1:07  Refinery  
  18  1:10  SCV  
  18  1:18  SCV  
  20  1:26  SCV  
  21  1:34  SCV, Refinery  
  22  1:42  SCV  
  22  1:46  Supply Bunker  
  23  1:50  SCV  
  23  1:58  SCV  
  25  2:07  SCV  
  26  2:15  SCV  
  27  2:23  SCV, Factory  
  28  2:39  Dominion Trooper  
  30  2:47  Dominion Trooper  
  31  2:55  Dominion Trooper  
  31  2:59  Supply Bunker  
  32  3:03  Dominion Trooper  
  32  3:09  Supply Bunker, Dominion Trooper x6  
  39  3:11  Dominion Trooper  
  39  3:19  Dominion Trooper  
  41  3:26  Starport  
  41  3:27  Dominion Trooper  
  42  3:35  Dominion Trooper  
  43  3:42  SCV, Dominion Trooper  
  44  3:58  Dominion Trooper  
  46  4:06  Dominion Trooper  
  47  4:15  Dominion Trooper  
  48  4:20  Supply Bunker  
  48  4:21  Medivac  
  48  4:23  Dominion Trooper  
  48  4:25  Engineering Bay  
  48  4:28  Marauder  
  55  4:34  Dominion Trooper  
  55  4:42  Dominion Trooper  
  55  4:49  Supply Bunker  
  56  4:50  Dominion Trooper  
  56  4:54  Medivac  
  56  4:58  Dominion Trooper  
  60  5:06  Dominion Trooper  
  60  5:09  Supply Bunker, Dominion Trooper x6  
  67  5:14  Dominion Trooper  
  67  5:16  Terran Infantry Weapons Level 1  
  67  5:17  Supply Bunker  
  63  5:34  Dominion Trooper  
  54  5:42  Dominion Trooper  
  54  5:44  Supply Bunker  
  49  5:52  Dominion Trooper  
  50  6:00  Dominion Trooper  
  50  6:08  Supply Bunker, Dominion Trooper  
  52  6:11  SCV x3  
  52  6:16  Dominion Trooper  
  52  6:23  Medivac  
  55  6:33  Dominion Trooper  
  56  6:41  Dominion Trooper  
  56  6:42  Dominion Trooper  
  56  6:43  Dominion Trooper x2  
  56  6:49  Dominion Trooper  
  58  6:50  Supply Bunker  
  58  6:54  Marauder  
  58  6:57  Dominion Trooper  
  63  7:05  Dominion Trooper  
  64  7:13  Dominion Trooper  
  63  7:21  Dominion Trooper  
  63  7:29  Dominion Trooper  
  65  7:35  Supply Bunker  
  65  7:37  Dominion Trooper  
  66  7:45  Dominion Trooper  
  67  7:50  Imperial Witness  
  67  7:53  Dominion Trooper  
  54  8:01  Dominion Trooper  
  54  8:09  Dominion Trooper  
  48  8:16  Dominion Trooper  
  47  8:24  Dominion Trooper  
  48  8:32  Dominion Trooper  
  48  8:33  Command Center, Orbital Trooper Pods  
  49  8:40  Dominion Trooper  
  49  8:44  Medivac  
  52  8:55  Dominion Trooper  
  52  8:57  Dominion Trooper  
  53  9:03  Dominion Trooper  
  54  9:11  Fusion Core, Dominion Trooper  
  54  9:19  Supply Bunker, Dominion Trooper x7  
  62  9:27  Dominion Trooper  
  63  9:34  Dominion Trooper  
  64  9:42  Dominion Trooper  
  64  9:46  Armory  
  65  9:50  Dominion Trooper  
  65  9:58  Dominion Trooper  
  67  10:06  Dominion Trooper  
  67  10:09  Terran Infantry Armor Level 1  
  68  10:14  Dominion Trooper  
  69  10:22  SCV, Dominion Trooper  
  70  10:30  SCV  
  70  10:38  SCV  
  78  10:40  Supply Bunker, Dominion Trooper x6  
  78  10:46  SCV  
  79  10:50  Dual Resuscitators  
  79  10:57  SCV  
  79  10:58  Imperial Witness  
  80  11:05  SCV  
  77  11:13  SCV  
  74  11:21  SCV  
  74  11:29  SCV  
  75  11:41  SCV  
  75  11:48  Command Center  
  77  11:54  SCV  
  77  11:55  SCV  
  77  12:02  SCV, Scatter Veil  
  77  12:03  SCV  
  79  12:10  SCV  
  79  12:11  SCV  
  79  12:18  SCV x2  
  83  12:24  Refinery  
  83  12:25  Refinery  
  83  12:26  SCV  
  76  12:34  SCV x2, Dominion Trooper  
  77  12:42  SCV  
  79  12:50  Dominion Trooper  
  79  12:55  Marauder  
  79  12:58  SCV x2, Dominion Trooper x2  
  87  13:08  Terran Infantry Weapons Level 2  
  89  13:14  Dominion Trooper x2  
  91  13:22  Dominion Trooper x2  
  91  13:27  Supply Bunker, Dominion Trooper x6  
  97  13:30  Dominion Trooper x2  
  97  13:37  Ghost Academy, Dominion Trooper  
  99  13:50  Dominion Trooper x2  
  99  13:57  Dominion Trooper  
  99  13:58  Dominion Trooper  
  99  13:59  Command Center  
  103  14:00  Marauder  
  103  14:05  Dominion Trooper  
  103  14:06  Dominion Trooper  
  103  14:09  Imperial Witness  
  111  14:13  Dominion Trooper  
  111  14:14  Dominion Trooper  
  109  14:21  Dominion Trooper  
  109  14:22  Dominion Trooper  
  109  14:29  Dominion Trooper x2  
  112  14:37  Dominion Trooper x2  
  114  14:42  Missile Turret  
  114  14:45  Dominion Trooper x2  
  115  14:53  Dominion Trooper  
  117  15:02  Dominion Trooper x2  
  119  15:10  Dominion Trooper x2  
  119  15:18  Dominion Trooper x2  
  123  15:26  Dominion Trooper x2, Ghost  
  123  15:29  Medivac  
  131  15:34  Dominion Trooper x2  
  133  15:42  Dominion Trooper x2  
  133  15:50  Dominion Trooper x2  
  133  15:58  Dominion Trooper x2  
  128  16:05  Dominion Trooper  
  125  16:16  Dominion Trooper x3  
  125  16:24  Dominion Trooper x3  
  128  16:32  Dominion Trooper x3  
  128  16:36  Ghost  
  130  16:40  Dominion Trooper x3  
  130  16:41  Medivac  
  130  16:48  Dominion Trooper x3  
  137  16:52  Terran Infantry Weapons Level 3  
  137  16:56  Dominion Trooper x3  
  140  17:04  Dominion Trooper x3  
  140  17:06  Imperial Witness  
  145  17:12  Dominion Trooper x3  
  145  17:19  Dominion Trooper  
  149  17:20  Dominion Trooper x2  
  149  17:27  Dominion Trooper  
  149  17:28  Dominion Trooper x2  
  152  17:35  Dominion Trooper  
  152  17:36  Dominion Trooper  
  152  17:38  Missile Turret  
  143  17:50  Dominion Trooper  
  143  17:51  Dominion Trooper x2  
  143  17:53  Imperial Witness  
  143  17:58  Dominion Trooper  
  143  17:59  Dominion Trooper x2  
  148  18:06  Dominion Trooper  
  148  18:07  Supply Bunker, Dominion Trooper x8  
  157  18:14  Dominion Trooper  
  157  18:15  Dominion Trooper x2  
  157  18:19  Marauder  
  164  18:22  Dominion Trooper x3  
  167  18:30  Dominion Trooper x3  
  167  18:38  Dominion Trooper x3  
  173  18:40  Imperial Witness  
  173  18:46  Dominion Trooper x3  
  178  18:54  Dominion Trooper x3  
  180  19:02  Dominion Trooper x2  
  177  19:17  Dominion Trooper x2, Imperial Witness  
  177  19:18  Dominion Trooper  
  180  19:25  Dominion Trooper  
  177  19:34  Dominion Trooper x3  
  180  19:42  Dominion Trooper x3  
  150  19:50  Dominion Trooper x2  
  150  19:53  Marauder  
  150  19:57  Medivac  
  158  20:00  Dominion Trooper x3  
  158  20:06  Supply Bunker, Dominion Trooper x6  
  167  20:20  Dominion Trooper  
  167  20:21  Dominion Trooper  
  167  20:23  Dominion Trooper  
  167  20:28  Dominion Trooper  
  167  20:29  Dominion Trooper  
  172  20:31  Dominion Trooper  
  172  20:37  Dominion Trooper x2  
  172  20:39  Dominion Trooper  
  173  20:48  Dominion Trooper x2  
  172  20:57  Dominion Trooper  
  172  20:58  Dominion Trooper  
  166  21:02  Dominion Trooper  
  166  21:05  Dominion Trooper  
  166  21:06  Dominion Trooper  
  164  21:10  Dominion Trooper  
  164  21:13  Dominion Trooper  
  164  21:14  Dominion Trooper  
  164  21:18  Dominion Trooper  
  150  21:21  Dominion Trooper  
  150  21:22  Dominion Trooper  
  150  21:26  Dominion Trooper  
Tags
 
Commander
MengskStukov
Matchup
Co-op
Replay Pack
Multiplayer
Add a new tag
Caveats
  • Supply blocks, unpowered buildings, or Contaminate may cause inaccurate times.
  • Supply counts are checked every 10 seconds.